 Dungeon Crawl Stone Soup version 0.31.0-32-g396128a36d (webtiles) character file.

Game seed: 17329108242280491607

2377 BlackCrag the Cleaver (level 9, 0/79 HPs)
             Began as a Minotaur Fighter on Apr 5, 2024.
             Slain by a slime creature (22 damage)
             ... on level 6 of the Dungeon.
             The game lasted 00:13:37 (4404 turns).

BlackCrag the Cleaver (Minotaur Fighter)            Turns: 4404, Time: 00:13:38

Health: 0/79       AC:  0    Str: 25    XL:     9   Next: 21%
Magic:  8/8        EV: 10    Int:  5    God:
Gold:   299        SH:  4    Dex: 10    Spells: 8/8 levels left

rFire   . . .        t - +4 war axe (vamp)
rCold   . . .        c - +0 buckler
rNeg    . . .        b - +0 scale mail
rPois   .            (helmet restricted)
rElec   .            (no cloak)
rCorr   .            (no gloves)
SInv    .            (no boots)
Will    .....        s - amulet of regeneration Stlth
                     u - +4 ring of slaying
HPRegen 1.13/turn    (no ring)
MPRegen 0.11/turn

%: no passive effects
@: corroded
A: horns 2, retaliatory headbutt
a: no special abilities


You were on level 6 of the Dungeon.
You visited 1 branch of the dungeon, and saw 7 of its levels.

You collected 299 gold pieces.

Inventory:

Hand Weapons
 a - a +0 flail
 t - a +4 vampiric war axe (weapon)
 w - a +2 whip of freezing
Armour
 b - a +0 scale mail (worn)
 c - a +0 buckler (worn)
Jewellery
 s - an amulet of regeneration (around neck)
 u - a +4 ring of slaying (left hand)
 y - an amulet of guardian spirit
Wands
 d - a wand of roots (7)
 n - a wand of polymorph (14)
Scrolls
 e - a scroll of brand weapon {unknown}
 f - 2 scrolls of teleportation
 g - a scroll of revelation {unknown}
 h - 2 scrolls of fear {unknown}
 j - 4 scrolls of vulnerability {unknown}
 k - a scroll of summoning {unknown}
 l - a scroll of immolation {unknown}
 m - 2 scrolls of noise {unknown}
 o - 3 scrolls of amnesia {unknown}
 x - a scroll of identify
 A - a scroll of enchant armour {unknown}
 B - a scroll of blinking {unknown}
Potions
 i - 2 potions of heal wounds
 p - a potion of berserk rage
 q - 2 potions of mutation
 r - a potion of invisibility {unknown}
 v - a potion of ambrosia {unknown}
 z - 4 potions of lignification {unknown}
 C - a potion of enlightenment {unknown}


   Skills:
 * Level 7.4 Fighting
 * Level 9.4(10.4) Axes
 + Level 7.1(9.3) Maces & Flails
 + Level 6.1 Armour
 + Level 2.1 Dodging
 + Level 0.6 Stealth
 + Level 4.7 Shields


You had 8 spell levels left.
You didn't know any spells.
Your spell library contained the following spells:

 Spells                   Type           Power      Damage    Failure   Level
 Magic Dart               Conj           0%         1d3       80%         1
 Summon Small Mammal      Summ           0%         N/A       80%         1
 Blink                    Tloc           0%         N/A       91%         2
 Lesser Beckoning         Tloc           0%         N/A       91%         2
 Momentum Strike          Conj/Tloc      0%         3d8       91%         2
 Searing Ray              Conj           0%         2d4       91%         2
 Call Canine Familiar     Summ           0%         N/A       99%         3
 Inner Flame              Hex/Fire       0%         N/A       99%         3
 Fulminant Prism          Conj/Alch      0%         3d5       100%        4
 Summon Blazeheart Golem  Fire/Summ      0%         N/A       100%        4
 Irradiate                Conj/Alch      0%         3d11      100%        5
 Ignition                 Fire           0%         3d3       100%        8


Dungeon Overview and Level Annotations

Branches:
Dungeon (7/15)             Temple (0/1) D:7

Altars:
Ashenzari
Elyvilon
Gozag
Hepliaklqana
Okawaru
Qazlal
Ru
Trog
Vehumet

Shops:
D:1 ?

Annotations:
D:7 exclusion: oklob sapling, Jeremiah, Maurice


Innate Abilities, Weirdness & Mutations

You have a pair of horns on your head.
You reflexively headbutt those who attack you in melee.


Message History

The wyvern bites you!
You closely miss the wyvern.
The wyvern is lightly wounded.
The wyvern closely misses you.
The wyvern bites you but does no damage.
You closely miss the wyvern. You headbutt the wyvern!
The wyvern is heavily wounded.
The wyvern bites you.
You slash the wyvern!
You feel better.
You kill the wyvern!
Your life force feels restored.
You start resting.
HP restored.
This staircase leads to a travel-excluded area!
You climb downwards.
Level annotation: exclusion: oklob sapling, Jeremiah, Maurice A nearby plant withers and dies.
The bullfrog hits you.
Jeremiah shouts, "O dreadful one, destroy my foe!"
Something smites you! You block the bullfrog's attack.
The slime creature closely misses you. The oklob sapling spits acid at you.
The splash of acid hits you! The acid corrodes you!
There is a stone staircase leading up, spattered with blood here.
The bullfrog hits you but does no damage.
You block the slime creature's attack. The oklob sapling spits acid at you.
The splash of acid hits you!! The acid corrodes you!
The bullfrog barely misses you.
You climb upwards.
There is a stone staircase leading down, spattered with blood here.
You hit the bullfrog.
The bullfrog is lightly wounded.
You slash the slime creature! The bullfrog hits you!
The slime creature hits you. The bullfrog hits you.
* * * LOW HITPOINT WARNING * * *
You hit the bullfrog. Your headbutt misses the bullfrog.
The bullfrog is lightly wounded.
You hit the slime creature but do no damage.
The slime creature hits you!!
You die...

### #^. #.# #.# #.# #.# #.#
#####.# z. #.# #...... ..
#.###.###.# .# ...# #.J@F.....#
.# #.. #.[##.###.# .# #..
#.........### ##'# ...
##.##.......# ##... ###[#
#.######.#.# ##.... ##.#.# #.#
##..#.###.....
####....#####.####.............
+.............................)
####....##########...#.##......


You could see a slime creature and a bullfrog.

Vanquished Creatures
  Pikel (D:6)
  Grinder (D:3)
  Sigmund (D:2)
  A wyvern (D:6)
  Eustachio (D:5)
  An ice beast (D:5)
  A phantom (D:4)
  3 scorpions
  5 howler monkeys
  2 jellies
  4 hounds
  A gnoll bouda (D:5)
  2 orc priests
  An iguana (D:4)
  Natasha (D:3)
  7 orc wizards
  8 adders
  7 gnolls
  2 white imps
  4 ufetubi
  3 ribbon worms
  2 dart slugs
  12 orcs
  8 ball pythons
  6 bats
  6 endoplasms
  5 giant cockroaches
  11 hobgoblins
  8 kobolds
  2 frilled lizards
  12 goblins
  8 rats
137 creatures vanquished.

Notes
Turn   | Place    | Note
-------+----------+-------------------------------------------
     0 | D:1      | BlackCrag the Minotaur Fighter began the quest for the Orb.
     0 | D:1      | Reached XP level 1. HP: 19/19 MP: 0/0
   231 | D:1      | Reached XP level 2. HP: 27/27 MP: 1/1
   617 | D:1      | Found Suow's Magic Scroll Emporium.
   804 | D:1      | Reached XP level 3. HP: 26/33 MP: 2/2
  1250 | D:2      | Noticed Sigmund
  1331 | D:2      | Killed Sigmund
  1332 | D:2      | Reached skill level 5 in Maces & Flails
  1332 | D:2      | Reached XP level 4. HP: 35/41 MP: 3/3
  1332 | D:2      | Reached XP level 5. HP: 40/47 MP: 4/4
  1905 | D:3      | Found a sacrificial altar of Ru.
  1909 | D:3      | Found an opulent altar of Gozag.
  1911 | D:3      | Found a white marble altar of Elyvilon.
  1920 | D:3      | Found a radiant altar of Vehumet.
  1928 | D:3      | Found a bloodstained altar of Trog.
  2022 | D:3      | Found a stormy altar of Qazlal.
  2132 | D:3      | Noticed Natasha
  2137 | D:3      | Killed Natasha
  2293 | D:3      | Noticed Grinder
  2300 | D:3      | Reached XP level 6. HP: 48/55 MP: 5/5
  2304 | D:3      | Killed Grinder
  2305 | D:3      | Reached skill level 5 in Fighting
  2305 | D:3      | Reached skill level 1 in Dodging
  2848 | D:3      | Reached skill level 5 in Armour
  2853 | D:3      | Reached XP level 7. HP: 44/61 MP: 6/6
  2978 | D:3      | Found a faded altar of an unknown god.
  3130 | D:4      | Reached skill level 1 in Axes
  3176 | D:4      | Reached skill level 2 in Axes
  3218 | D:4      | Reached skill level 3 in Axes
  3236 | D:4      | You fall into a shaft and drop 3 floors!
  3263 | D:7      | Noticed Jeremiah
  3267 | D:7      | Noticed Maurice
  3282 | D:7      | Found a staircase to the Ecumenical Temple.
  3282 | D:7      | Noticed Pikel
  3295 | D:6      | Reached skill level 4 in Axes
  3295 | D:6      | Killed Pikel
  3296 | D:6      | Reached skill level 6 in Axes
  3296 | D:6      | Reached XP level 8. HP: 24/71 MP: 7/7
  3350 | D:5      | Entered Level 5 of the Dungeon
  3352 | D:5      | Reached skill level 7 in Axes
  3451 | D:4      | Found a hazy altar of Hepliaklqana.
  3571 | D:4      | Found an iron altar of Okawaru.
  3924 | D:5      | Reached skill level 8 in Axes
  3976 | D:5      | Noticed Eustachio
  4000 | D:5      | Killed Eustachio
  4001 | D:5      | Reached XP level 9. HP: 72/79 MP: 8/8
  4121 | D:5      | Found a broken altar of Ashenzari.
  4387 | D:6      | Reached skill level 9 in Axes
  4404 | D:6      | Slain by a slime creature

Illustrated notes

Levels and vault maps discovered:
D:1:      dpeg_arrival_stone_temple_mockup, layout_basic, serial_shops,
          nicolae_shop_rolled_up, corexii_leaking_fountain,
          serial_bayou_lagoon_a, minmay_heptomino_w4
D:2:      layout_loops_cross, uniq_sigmund
D:3:      layout_loops_corners, mainiacjoe_overflow_alcove_2,
          minmay_overflow_temple_star_hex, basic_ecumenical_altar,
          minmay_joined_circles, uniq_natasha, uniq_grinder
D:4:      layout_cave_pools, okawaru_metal_pillars_1_2, general_overflow_altar,
          minmay_starry_boxes
D:5:      layout_basic, lemuel_coloured_pillars_altar, uniq_eustachio
D:6:      layout_loops_corners, tso_altar, dilly_guarded_unrand_morg,
          uniq_menkaure
D:7:      minmay_the_grid_square_5x5_3x3
          [minmay_the_grid_square_5x5_inverted_slash,
          minmay_the_grid_square_5x5_pentomino_r,
          minmay_the_grid_square_5x5_three_small,
          minmay_the_grid_square_5x5_shrine1,
          minmay_the_grid_square_5x5_megaprize_diamond,
          minmay_the_grid_square_5x5_tie,
          minmay_the_grid_square_5x5_sharp_hourglass,
          minmay_the_grid_square_5x5_misaligned,
          minmay_the_grid_square_5x5_plus], layout_rooms,
          nzn_wu_jian_council_hall, minmay_temple_entry_oklob, st_stairs_14,
          minmay_fire_ice_demons, uniq_maurice, uniq_jeremiah, uniq_duvessa,
          uniq_pikel

Skill      XL: |  1  2  3  4  5  6  7  8  9 |
---------------+----------------------------+-----
Fighting       | 4 5 6 7 |  7.4
Armour         | 4 5 6 |  6.1
Maces & Flails | 3 5 6 7 |  7.1
Shields        | 4 |  4.7
Dodging        | 1 2 |  2.1
Axes           | 6 8 9 |  9.4
Stealth        | |  0.6

Action                     |  1- 3 |  4- 6 |  7- 9 || total
---------------------------+-------+-------+-------++-------
  Melee: Flail             |    67 |    61 |       ||   128
         Headbutt          |     7 |     9 |    20 ||    36
         War axe           |       |     9 |   124 ||   133
    Use: Scroll            |       |     6 |     3 ||     9
         Potion            |       |     1 |     2 ||     3
 Armour: Scale mail        |    69 |    54 |   109 ||   232
  Dodge: Dodged            |    40 |    29 |    65 ||   134
  Block: Buckler           |    22 |     9 |    26 ||    57
